AoeStats
← jmr99

Glade

510845604Analyzed
1v1 RM · 15h ago on Oct 2, 2026· 51m 2s· 2 players
Game mode
Random Map
Map size
Tiny (2 player)
Population
200
Speed
Normal
Resources
Standard
Victory
Conquest
Starting age
Dark Age
Ending age
Imperial Age
RankedLock teamsTeams togetherTeam positionsShared explorationLock speedFull tech treeHidden civsTurbo modeCheats
Victory
Defeat
🇪🇸 Goths · Spain
1009
+15
🇬🇧 Bulgarians · United Kingdom
990
-15
jmr99
7:37 Loom
12:13 Feudal Age
13:44 Double-Bit Axe
22:15 Castle Age
21:06 Wheelbarrow
20:24 Arson
21:52 Forging
21:43 Scale Mail Armor
22:30 Horse Collar
23:22 Chain Mail Armor
23:42 Gambesons
23:58 Squires
25:52 Iron Casting
26:04 Bow Saw
26:49 Town Watch
30:10 Scale Barding Armor
29:57 Fletching
31:41 Gold Mining
38:08 Imperial Age
38:27 Capped Ram
39:53 Plate Mail Armor
41:07 Light Cavalry
42:37 Bodkin Arrow
esesalga
1:32 Loom
14:39 Feudal Age
15:08 Double-Bit Axe
15:05 Horse Collar
16:01 Wheelbarrow
18:36 Man-at-Arms
20:39 Forging
20:29 Scale Mail Armor
22:43 Castle Age
22:47 Stone Mining
23:03 Long Swordsman
26:26 Hand Cart
36:16 Imperial Age
34:11 Bow Saw
34:44 Squires
35:13 Anarchy
36:19 Iron Casting
36:36 Chain Mail Armor
36:32 Pikeman
41:12 Blast Furnace
47:25 Guilds
50:08 Heavy Plow
51:59 Crop Rotation
Connection lost

Rejoining the realm…

Still unreachable

The connection could not be restored.

Session expired

The server has moved on; the page needs a fresh start.